 Dungeon Crawl Stone Soup version 0.24-a0-489-g1c7b743a30 (webtiles) character file.

Game seed: 9309375303265593991

280 mhoghedin the Cutter (level 6, -2/47 HPs)
             Began as a Draconian Artificer on July 11, 2019.
             Slain by an iguana (4 damage)
             ... on level 4 of the Dungeon.
             The game lasted 00:04:59 (3953 turns).

mhoghedin the Cutter (Draconian Artificer)          Turns: 3953, Time: 00:04:59

Health: -2/47      AC:  6    Str: 14    XL:     6   Next: 5%
Magic:  8/8        EV: 12    Int: 13    God:
Gold:   286        SH:  0    Dex: 12    Spells: 5/5 levels left

rFire    + . .     SeeInvis .   a - +0 short sword
rCold    . . .     Gourm    .   (no shield)
rNeg     . . .     Faith    .   (armour unavailable)
rPois    .         Spirit   .   (helmet restricted)
rElec    .         Reflect  .   (no cloak)
rCorr    .         Harm     .   (no gloves)
MR       .....                  (no boots)
Stlth    +++.......             (no amulet)
HPRegen  0.15/turn              t - +2 ring of slaying
MPRegen  0.11/turn              v - ring of protection from fire {rF+, !d}

@: no status effects
A: unfitting armour, cold-blooded, AC +6
a: no special abilities


You were on level 4 of the Dungeon.
You were not hungry.

You visited 1 branch of the dungeon, and saw 5 of its levels.

You collected 286 gold pieces.

Inventory:

Hand Weapons
 a - a +0 short sword (weapon)
Jewellery
 t - a +2 ring of slaying (left hand)
   (You found it on level 3 of the Dungeon)
 v - a ring of protection from fire (right hand) {rF+, !d}
   (You found it on level 4 of the Dungeon)
Wands
 b - a wand of flame (15)
 c - a wand of enslavement (14)
 d - a wand of random effects (15)
 q - a wand of disintegration (15)
   (You found it on level 3 of the Dungeon)
 s - a wand of paralysis (7)
   (You found it on level 3 of the Dungeon)
Scrolls
 h - a scroll of identify
 i - a scroll of amnesia {unknown}
 n - 3 scrolls of enchant weapon
 p - 2 scrolls of remove curse {unknown}
 r - a scroll of blinking {unknown}
 x - a scroll of teleportation {unknown}
 y - a scroll of fear {unknown}
Potions
 e - 3 potions of haste {unknown}
 g - a potion of flight {unknown}
 j - a potion of curing {unknown}
 k - 4 potions of lignification {!q}
 l - a potion of agility {unknown}
 o - a potion of mutation {unknown}
 u - 2 potions of cancellation {unknown}
 w - a potion of resistance
 z - a potion of heal wounds
 A - a potion of degeneration {unknown}
 B - a potion of brilliance {unknown}
Comestibles
 f - 7 rations
 m - 2 chunks of flesh {@w0}


   Skills:
 - Level 1.1 Fighting
 + Level 4.3 Short Blades
 - Level 1.7 Dodging
 + Level 4.2 Stealth
 - Level 3.0 Evocations


You had 5 spell levels left.
You didn't know any spells.
Your spell library contained the following spells:

 Spells                   Type           Power        Failure   Level  Hunger
 Confusing Touch          Hex            #.....       30%         1    ##.....
 Corona                   Hex            #......      30%         1    ##.....
 Ensorcelled Hibernation  Hex/Ice        #.....       43%         2    ###....
 Confuse                  Hex            #.......     67%         3    ####...
 Metabolic Englaciation   Hex/Ice        #.........   100%        5    ######.
 Silence                  Hex/Air        #.........   100%        5    ######.


Dungeon Overview and Level Annotations

Branches:
Dungeon (5/15)
 Temple: D:4-7

Altars:
Ashenzari
Cheibriados
Dithmenos
Hepliaklqana
Nemelex Xobeh
Ru
Trog
Uskayaw
The Shining One


Innate Abilities, Weirdness & Mutations

Your plain brown scales are hard. (AC +6)
You cannot fit into any form of body armour.
You are cold-blooded and may be slowed by cold attacks.


Message History

The quokka bites you. The adder zombie closely misses you.
You take 10 damage, and have 30/47 hp.
MASSIVE DAMAGE!!
MP restored: 8 You barely miss the adder.
The quokka bites you. The adder closely misses you.
The adder zombie bites you but does no damage.
You take 1 damage, and have 29/47 hp.
You barely miss the adder.
Your tail-slap misses the adder.
The quokka bites you. The adder closely misses you.
The adder zombie bites you but does no damage.
The iguana hisses menacingly.
The quokka bites you but does no damage.
You take 2 damage, and have 27/47 hp.
The adder bites you.
The adder zombie bites you but does no damage.
The adder closely misses you.
You take 5 damage, and have 22/47 hp.
The adder bites you but does no damage.
There is a stone staircase leading up here.
The adder zombie closely misses you. The adder bites you but does no damage.
The quokka barely misses you.
You climb upwards.
There is a stone staircase leading down here.
The quokka closely misses you. The adder bites you but does no damage.
You hit the quokka but do no damage. The quokka closely misses you.
The quokka bites you but does no damage.
You hit the quokka.
You kill the quokka!
The adder bites you.
You take 3 damage, and have 20/47 hp.
You hit the adder. The adder closely misses you.
You hit the adder. The adder bites you but does no damage.
You hit the adder. The adder closely misses you.
You hit the adder.
You kill the adder!
Things that are here:
an adder corpse; a quokka corpse
There is a stone staircase leading down here.
Things that are here:
an adder corpse; a quokka corpse You butcher the adder corpse.
m - 2 chunks of flesh {@w0}
Things that are here:
an adder skeleton; a quokka corpse You butcher the quokka corpse.
m - 3 chunks of flesh {@w0} (gained 1)
Things that are here:
an adder skeleton; a quokka skeleton There isn't anything to butcher here.
You start resting.
Eating one of 3 chunks of flesh {@w0}.
You eat one of the 3 chunks of flesh {@w0}.
Health restored: 47
There is a stone staircase leading down here.
You climb downwards.
The adder zombie bites you but does no damage.
The iguana misses you. The adder zombie closely misses you.
There is a stone staircase leading up here.
You barely miss the iguana.
You tail-slap the iguana, but do no damage.
The iguana bites you but does no damage.
The adder zombie bites you.
You take 2 damage, and have 45/47 hp.
You hit the iguana but do no damage. The iguana barely misses you.
The adder zombie bites you but does no damage.
You hit the iguana but do no damage.
You tail-slap the iguana, but do no damage.
The iguana bites you! The adder zombie barely misses you.
You take 12 damage, and have 33/47 hp.
MASSIVE DAMAGE!!
The iguana closely misses you. The adder zombie bites you.
You climb upwards.
There is a stone staircase leading down here.
The iguana bites you!
Things that are here:
an adder skeleton; a quokka skeleton You take 8 damage, and have 25/47 hp.
You are too injured to fight recklessly!
You are too injured to fight recklessly!
You hit the iguana. The iguana closely misses you.
You hit the iguana.
The iguana bites you but does no damage.
You hit the iguana. The iguana barely misses you.
You hit the iguana. You hit the iguana but do no damage.
The iguana closely misses you.
You closely miss the iguana. The iguana closely misses you.
You hit the iguana. The iguana bites you.
You take 4 damage, and have 22/47 hp.
You hit the iguana. The iguana bites you!
* * * LOW HITPOINT WARNING * * *
You take 13 damage, and have 9/47 hp.
MASSIVE DAMAGE!!
You hit the iguana. The iguana closely misses you.
You barely miss the iguana. The iguana bites you!
* * * LOW HITPOINT WARNING * * *
You take 8 damage, and have 1/47 hp.
Unknown command.
You closely miss the iguana. You hit the iguana but do no damage.
The iguana bites you.
You die...

...............#
#....#.## ####
.#####........##
##......# #... ..#
###......##
#......## ##.. ..##
######..###.......#
##. ...#
##.##.......## #.
...## #..####...##
#. ....#
##.###...## ##.
....# #l>##...# #..
...## ##@#....#
###.. ####
#.....########..##
##.........#...##
#...........###
#..........##
##..........#
#######
#..........#
......#
####..........#
...<.##
####.....##.....##


You could see an iguana.

Vanquished Creatures
  A crimson imp (D:4)
  An orc priest (D:4)
  An orc wizard (D:4)
  A worker ant (D:4)
  A gnoll (D:1)
  6 adders
  A shadow imp (D:5)
  An ooze (D:3)
  An adder skeleton (D:4)
  A leopard gecko (D:1)
  11 orcs
  3 giant cockroaches
  7 hobgoblins
  3 jackals (D:4)
  A quokka (D:4)
  A ball python (D:2)
  3 bats
  2 frilled lizards
  12 goblins
  A goblin skeleton (D:4)
  3 hobgoblin zombies (D:4)
  8 kobolds
  A kobold skeleton (D:4)
  3 kobold zombies (D:4)
  3 orc zombies (D:4)
  4 rats
81 creatures vanquished.

Vanquished Creatures (others)
  A jackal (D:4)
1 creature vanquished.

Grand Total: 82 creatures vanquished

Notes
Turn   | Place    | Note
-------+----------+-------------------------------------------
     0 | D:1      | mhoghedin the Draconian Artificer began the quest for the
                  | Orb.
     0 | D:1      | Reached XP level 1. HP: 16/16 MP: 3/3
     0 | D:1      | Noticed a shadow dragon
     0 | D:1      | Noticed an iron dragon
     1 | D:1      | Noticed an iron dragon
     1 | D:1      | Noticed a tentacled monstrosity
     3 | D:1      | Noticed an orb of fire
     5 | D:1      | Noticed an iron dragon
     6 | D:1      | Noticed an iron dragon
    10 | D:1      | Noticed a golden dragon
    12 | D:1      | Noticed an ice dragon
    14 | D:1      | Noticed a tentacled monstrosity
    14 | D:1      | Noticed an orb of fire
    16 | D:1      | Noticed a tentacled monstrosity
    16 | D:1      | Noticed a shadow dragon
    18 | D:1      | Noticed a tentacled monstrosity
    18 | D:1      | Noticed a large abomination
    64 | D:1      | Reached skill level 1 in Stealth
   470 | D:1      | Reached XP level 2. HP: 22/23 MP: 4/4
  1012 | D:1      | Reached skill level 2 in Short Blades
  1012 | D:1      | Reached skill level 2 in Stealth
  1012 | D:1      | Reached XP level 3. HP: 25/28 MP: 5/5
  1742 | D:2      | Reached XP level 4. HP: 32/35 MP: 6/6
  1819 | D:2      | Found a shadowy altar of Dithmenos.
  2008 | D:3      | Reached skill level 3 in Short Blades
  2051 | D:3      | Reached skill level 3 in Stealth
  2184 | D:3      | Found a sacrificial altar of Ru.
  2312 | D:3      | Found a shattered altar of Ashenzari.
  2345 | D:3      | Found a sparkling altar of Nemelex Xobeh.
  2345 | D:3      | Found a transporter.
  2356 | D:3      | Identified Igien's Guide on Bewitchment
  2514 | D:3      | HP: 1/35 [orc/+0 flail of venom (11)]
  2730 | D:4      | Found a glowing golden altar of the Shining One.
  2755 | D:4      | Reached XP level 5. HP: 35/40 MP: 7/7
  3033 | D:4      | Found a hide-covered altar of Uskayaw.
  3228 | D:4      | HP: 10/40 [orc priest/divine providence (15)]
  3229 | D:4      | Reached skill level 4 in Short Blades
  3229 | D:4      | Reached skill level 4 in Stealth
  3240 | D:4      | HP: 3/40 [orc wizard/magic dart (7)]
  3428 | D:4      | Found a bloodstained altar of Trog.
  3465 | D:4      | Found a snail-covered altar of Cheibriados.
  3700 | D:4      | Found a hazy altar of Hepliaklqana.
  3738 | D:5      | Entered Level 5 of the Dungeon
  3745 | D:5      | Reached XP level 6. HP: 32/47 MP: 8/8
  3949 | D:4      | HP: 9/47 [iguana (13)]
  3951 | D:4      | HP: 1/47 [iguana (8)]
  3953 | D:4      | Slain by an iguana

Levels and vault maps discovered:
D:1:      shiori_arrival_whats_in_store_for_you, layout_basic,
          wad_floor_pattern_2
D:2:      cheibrodos_helix_gallery, layout_rooms, grunt_dithmenos_smoke
D:3:      layout_rooms, lemuel_crystal_altar, lemuel_round_altar,
          grunt_nemelex_the_gamble
D:4:      layout_cave_pods, kennysheep_little_box, lemuel_doored_altar,
          lemuel_coloured_pillars_altar, nicolae_tso_besieged_by_evil,
          eat_drink_and_be_merry_uskayaw, first_ration
D:5:      layout_rooms, kiku_gazebo_garden_becter,
          minmay_temple_entry_sparse_star, serial_shops,
          nicolae_shop_statue_plus

Skill      XL: |  1  2  3  4  5 |
---------------+----------------+-----
Stealth        | 1 2 3 4 |  4.2
Short Blades   | 2 3 4 |  4.3
Fighting       | |  1.1
Dodging        | |  1.7
Evocations     | |  3.0

Action                   |  1- 3 |  4- 6 || total
-------------------------+-------+-------++-------
Melee: Short sword       |   136 |   194 ||   330
       Tailslap          |    11 |    24 ||    35
Evoke: Wand              |       |     1 ||     1
  Use: Potion            |     2 |     3 ||     5
       Scroll            |       |     2 ||     2
 Stab: Sleeping          |     5 |     5 ||    10
       Distracted        |       |     1 ||     1
  Eat: Chunk             |     3 |     7 ||    10
Armor: Skin              |    52 |    69 ||   121
Dodge: Dodged            |    67 |   128 ||   195

Table legend:
 A = Non-vault XP
 B = Vault XP
 C = Vault XP percentage of total XP
 D = Non-vault monster count
 E = Vault monster count
 F = Vault count percentage of total count
                 A         B        C        D         E       F
            +---------+---------+-------+---------+---------+-------
      Total |     324 |      76 |  19.0 |      67 |      14 |  17.3
            +---------+---------+-------+---------+---------+-------
        D:1 |      42 |       0 |   0.0 |      18 |       0 |   0.0
        D:2 |      58 |      15 |  20.5 |      19 |       2 |   9.5
        D:3 |      45 |       0 |   0.0 |      15 |       0 |   0.0
        D:4 |     168 |      61 |  26.6 |      14 |      12 |  46.2
        D:5 |      11 |       0 |   0.0 |       1 |       0 |   0.0
            +---------+---------+-------+---------+---------+-------

Levels and vault maps discovered:
D:1:      shiori_arrival_whats_in_store_for_you, layout_basic,
          wad_floor_pattern_2
D:2:      cheibrodos_helix_gallery, layout_rooms, grunt_dithmenos_smoke
D:3:      layout_rooms, lemuel_crystal_altar, lemuel_round_altar,
          grunt_nemelex_the_gamble
D:4:      layout_cave_pods, kennysheep_little_box, lemuel_doored_altar,
          lemuel_coloured_pillars_altar, nicolae_tso_besieged_by_evil,
          eat_drink_and_be_merry_uskayaw, first_ration
D:5:      layout_rooms, kiku_gazebo_garden_becter,
          minmay_temple_entry_sparse_star, serial_shops,
          nicolae_shop_statue_plus

Table legend:
 A = Turns spent in this place as a percentage of turns spent in the entire game.
 B = Non-inter-level travel turns spent in this place as a percentage of non-inter-level travel turns spent in the entire game.
 C = Inter-level travel turns spent in this place as a percentage of turns spent in this place.
 D = Turns resting spent in this place as a percentage of non-inter-level travel turns spent in this place.
 E = Turns spent auto-exploring this place as a percentage of non-inter-level travel turns spent in this place.
 F = Non-inter-level travel turns spent in this place divided by the number of levels of this place that you've seen.
                   A       B       C       D       E      F
               +-------+-------+-------+-------+-------+----------------------
         Total | 100.0 | 100.0 |   2.7 |  30.9 |  48.6 | 769.0
       Dungeon | 100.0 | 100.0 |   2.7 |  30.9 |  48.6 | 769.0
               +-------+-------+-------+-------+-------+----------------------

Table legend:
 A = Kills in this place as a percentage of kills in entire the game.
 B = Kills by you in this place as a percentage of kills by you in the entire game.
 C = Kills by friends in this place as a percentage of kills by friends in the entire game.
 D = Other kills in this place as a percentage of other kills in the entire game.
 E = Experience gained in this place as a percentage of experience gained in the entire game.
 F = Experience gained in this place divided by the number of levels of this place that you have seen.
                   A       B       C       D       E      F
               +-------+-------+-------+-------+-------+----------------------
         Total | 100.0 | 100.0 |   N/A |   N/A | 100.0 |  80.0
       Dungeon | 100.0 | 100.0 |   N/A |   N/A | 100.0 |  80.0
               +-------+-------+-------+-------+-------+----------------------
